 Dungeon Crawl Stone Soup version 0.25-a0-701-gb30f108 (webtiles) character file.

Game seed: 2809561615565672215, levelgen mode: deterministic

8784 BlueFish the Grappler (level 11, -9/104 HPs)
             Began as a Troll Hunter on Apr 3, 2020.
             Was a Believer of Wu Jian.
             Mangled by an eight-headed hydra (18 damage)
             ... on level 1 of the Lair of Beasts.
             The game lasted 00:14:46 (8771 turns).

BlueFish the Grappler (Troll Hunter)                Turns: 8771, Time: 00:14:46

Health: -9/104     AC:  8    Str: 25    XL:     11   Next: 14%
Magic:  10/10      EV: 13    Int:  7    God:    Wu Jian [**....]
Gold:   340        SH:  0    Dex: 13    Spells: 10/10 levels left

rFire    . . .     SeeInvis .     - Unarmed
rCold    . . .     Gourm    +   (no shield)
rNeg     . . .     Faith    .   b - +1 robe
rPois    .         Spirit   .   I - +1 hat
rElec    .         Reflect  .   (no cloak)
rCorr    .         Harm     .   (gloves unavailable)
MR       .....                  (boots unavailable)
Stlth    ++........             (no amulet)
HPRegen  0.67/turn              v - +1 ring of evasion
MPRegen  0.12/turn              m - +3 ring of dexterity

@: no status effects
A: large, unfitting armour, claws 3, fast metabolism 3, gourmand, regeneration
1, shaggy fur 1, tough skin 3
a: Wall Jump, Renounce Religion


You were on level 1 of the Lair of Beasts.
You worshipped Wu Jian.
Wu Jian was pleased with you.
You were completely stuffed.

You visited 3 branches of the dungeon, and saw 13 of its levels.

You collected 418 gold pieces.
You spent 78 gold pieces at shops.

Inventory:

Hand Weapons
 y - a +2 scimitar of flaming
Missiles
 c - 3 large rocks (quivered)
 d - 2 throwing nets
 k - 2 silver javelins
Armour
 b - a +1 robe (worn)
 I - a +1 hat (worn)
Jewellery
 l - an uncursed ring of wizardry
 m - a +3 ring of dexterity (right claw)
 v - a +1 ring of evasion (left claw)
Wands
 n - a wand of flame (11)
 p - a wand of polymorph (6)
 q - a wand of acid (7)
 w - a wand of random effects (19)
 D - a wand of enslavement (4)
 F - a wand of iceblast (12)
Scrolls
 e - 3 scrolls of teleportation
 g - 3 scrolls of enchant armour
 h - 8 scrolls of amnesia
 j - 5 scrolls of remove curse
 r - 2 scrolls of fear
 s - 2 scrolls of fog
 u - a scroll of vulnerability {unknown}
 x - a scroll of enchant weapon
 B - 3 scrolls of magic mapping {unknown}
 E - a scroll of noise {unknown}
 J - 4 scrolls of identify
Potions
 a - 2 potions of mutation
 i - a potion of curing
 o - 3 potions of stabbing
 t - a potion of ambrosia
 z - 3 potions of berserk rage
 A - a potion of resistance
 C - a potion of invisibility {unknown}
 G - a potion of flight {unknown}
Comestibles
 f - 25 rations
 H - 8 chunks of flesh


   Skills:
 * Level 5.5 Fighting
 + Level 4.4 Throwing
 + Level 4.8 Dodging
 + Level 2.4 Stealth
 * Level 13.8 Unarmed Combat


You had 10 spell levels left.
You didn't know any spells.
Your spell library contained the following spells:

 Spells                   Type           Power        Failure   Level  Hunger
 Animate Skeleton         Necr           N/A          43%         1    ##.....
 Apportation              Tloc           #.....       43%         1    ##.....
 Corona                   Hex            #......      43%         1    ##.....
 Summon Small Mammal      Summ           #...         43%         1    ##.....
 Confusing Touch          Hex            #.......     80%         3    ####...
 Gell's Gravitas          Tloc           #.........   80%         3    ####...
 Petrify                  Tmut/Erth      #.......     99%         4    #####..
 Irradiate                Conj/Tmut      #.........   100%        5    ######.
 Metabolic Englaciation   Hex/Ice        #.........   100%        5    ######.
 Yara's Violent Unravell  Hex/Tmut       #.........   100%        5    ######.
 Hydra Form               Tmut           #.........   100%        6    #######
 Statue Form              Tmut/Erth      #........    100%        6    #######
 Dragon Form              Tmut           #.........   100%        7    #######


Dungeon Overview and Level Annotations

Branches:
Dungeon (11/15)            Temple (1/1) D:5            Lair (1/6) D:9
    Orc: D:9-12

Altars:
Ashenzari
Cheibriados
Dithmenos
Elyvilon
Fedhas
Gozag
Hepliaklqana
Kikubaaqudgha
Makhleb
Nemelex Xobeh
Okawaru
Qazlal
Ru
Sif Muna
Trog
Uskayaw
Vehumet
Wu Jian
Xom
Yredelemnul
Zin
The Shining One

Shops:
D:5 %(   D:6 ?   D:10 *


Innate Abilities, Weirdness & Mutations

You are too large for most types of armour.
You have claws for hands.
Your metabolism is lightning-fast.
You like to eat raw meat.
Your natural rate of healing is unusually fast.
You are covered in fur. (AC +1)
You have extremely tough skin. (AC +3)


Message History

Throwing (i - inventory. (/) - cycle)
c - 4 large rocks (quivered)
Press: ? - help, Shift-Dir - straight line, f/p - eight-headed hydra
Aim: an eight-headed hydra (heavily wounded)
You throw a large rock.
The large rock barely misses the eight-headed hydra.
The eight-headed hydra bites you!
The eight-headed hydra barely misses you.
The eight-headed hydra bites you!
The eight-headed hydra closely misses you.
The eight-headed hydra misses you. The eight-headed hydra bites you. x2
The eight-headed hydra bites you! x2
* * * LOW HITPOINT WARNING * * *
The eight-headed hydra bites you.
* * * LOW HITPOINT WARNING * * *
The eight-headed hydra bites you!
* * * LOW HITPOINT WARNING * * *
The eight-headed hydra bites you!
* * * LOW HITPOINT WARNING * * *
The eight-headed hydra bites you!!
You die...

+. .(..... ##.. .(.... ..
....###.P#.###...
................. .
................. ...
.......(......... ... ..
.......D......... .......
.......@.........
#.##.####.................
.........#..######..####.
.........#..##.###'####
.........#..##........#
.........#..##........#
.........#..##........+
.........#..##........#
.........#..###รท#######


You could see an eight-headed hydra.

Vanquished Creatures
  Erolcha (D:10)
  Erica (D:9)
  A two-headed ogre (D:8)
  Joseph (D:9)
  A komodo dragon (Lair:1)
  A wraith (D:9)
  5 yaks (D:9)
  A water moccasin (D:10)
  4 orc warriors
  A hornet zombie (D:9)
  A phantom (D:9)
  4 ice beasts
  2 sky beasts
  6 ogres
  5 centaurs
  A crocodile (D:7)
  A big kobold (D:10)
  4 bullfrogs
  4 scorpions
  19 killer bees
  7 wights
  A howler monkey (D:8)
  A bullfrog zombie (D:6)
  5 crimson imps
  5 hounds
  A jelly (D:8)
  4 orc priests
  8 orc wizards
  A bullfrog skeleton (D:11)
  A centaur skeleton (D:4)
  Terence (D:2)
  3 iguanas
  6 worker ants
  Natasha (thrice) (D:2)
  A killer bee zombie (D:6)
  A hound zombie (D:7)
  A hound skeleton (D:11)
  A worker ant zombie (D:11)
  8 adders
  6 gnolls
  5 shadow imps
  2 adder skeletons
  A worm (D:4)
  3 dart slugs
  7 leopard geckos
  36 orcs
  6 giant cockroaches
  13 goblins
  12 hobgoblins
  6 jackals (D:3)
  6 quokkas
  2 ball pythons
  8 bats
  4 frilled lizards
  A jackal zombie (D:6)
  11 kobolds
  A quokka zombie (D:5)
  9 rats
262 creatures vanquished.

Vanquished Creatures (others)
  2 fungi (D:9)
2 creatures vanquished.

Grand Total: 264 creatures vanquished

Notes
Turn   | Place    | Note
-------+----------+-------------------------------------------
     0 | D:1      | BlueFish the Troll Hunter began the quest for the Orb.
     0 | D:1      | Reached XP level 1. HP: 19/19 MP: 0/0
   112 | D:1      | Reached XP level 2. HP: 28/28 MP: 1/1
   619 | D:2      | Noticed Natasha
   627 | D:2      | Killed Natasha
   627 | D:2      | Reached skill level 1 in Unarmed Combat
   627 | D:2      | Reached XP level 3. HP: 23/35 MP: 2/2
   812 | D:2      | Noticed Natasha
   824 | D:2      | Killed Natasha
   824 | D:2      | Reached skill level 2 in Unarmed Combat
   824 | D:2      | Reached XP level 4. HP: 31/42 MP: 3/3
   864 | D:2      | Noticed Natasha
   871 | D:2      | Killed Natasha
  1283 | D:2      | Noticed Terence
  1294 | D:2      | Killed Terence
  1294 | D:2      | Reached XP level 5. HP: 25/50 MP: 4/4
  1346 | D:2      | Reached skill level 3 in Unarmed Combat
  1982 | D:3      | Reached skill level 4 in Unarmed Combat
  1982 | D:3      | Reached XP level 6. HP: 39/59 MP: 5/5
  2732 | D:4      | Reached skill level 5 in Unarmed Combat
  2910 | D:4      | Reached XP level 7. HP: 61/67 MP: 6/6
  3337 | D:5      | Entered Level 5 of the Dungeon
  3347 | D:5      | Found a staircase to the Ecumenical Temple.
  3354 | Temple   | Entered the Ecumenical Temple
  3662 | D:5      | Found Lioplyreqo's Weapon Boutique.
  4108 | D:5      | Reached skill level 1 in Stealth
  4130 | D:5      | Reached skill level 6 in Unarmed Combat
  4158 | D:5      | Found Keengas's Food Shoppe.
  4943 | D:6      | Reached XP level 8. HP: 55/75 MP: 7/7
  4945 | D:6      | Reached skill level 7 in Unarmed Combat
  5270 | D:6      | Found Qaralaadua's Magic Scroll Boutique.
  5278 | D:6      | Bought a scroll of remove curse for 36 gold pieces
  5278 | D:6      | Bought a scroll of fear for 42 gold pieces
  5442 | D:7      | Reached skill level 8 in Unarmed Combat
  5655 | D:7      | Reached skill level 9 in Unarmed Combat
  5675 | D:7      | Reached XP level 9. HP: 44/84 MP: 8/8
  6271 | D:8      | Reached skill level 10 in Unarmed Combat
  6356 | D:8      | Noticed a two-headed ogre
  6363 | D:8      | Killed a two-headed ogre
  6497 | D:8      | Reached skill level 11 in Unarmed Combat
  6510 | D:8      | Found an ornate altar of the Wu Jian Council.
  6521 | D:8      | Became a worshipper of the Wu Jian Council
  6710 | D:8      | Reached XP level 10. HP: 74/94 MP: 9/9
  7061 | D:9      | Reached * piety under Wu Jian
  7146 | D:9      | Reached skill level 12 in Unarmed Combat
  7223 | D:9      | Noticed Joseph
  7236 | D:9      | Killed Joseph
  7236 | D:9      | Reached skill level 5 in Fighting
  7502 | D:9      | Found a staircase to the Lair.
  7531 | D:9      | Noticed Erica
  7539 | D:9      | Killed Erica
  7539 | D:9      | Reached skill level 13 in Unarmed Combat
  7699 | D:10     | Entered Level 10 of the Dungeon
  7752 | D:10     | Reached ** piety under Wu Jian
  7909 | D:10     | Noticed Erolcha
  7922 | D:10     | Killed Erolcha
  7922 | D:10     | Reached XP level 11. HP: 54/104 MP: 10/10
  8073 | D:10     | Found Tuekkem's Assorted Antiques.
  8574 | D:11     | Noticed a purple ugly thing
  8681 | D:11     | Noticed a tengu warrior
  8728 | Lair:1   | Entered Level 1 of the Lair of Beasts
  8767 | Lair:1   | Noticed an eight-headed hydra
  8771 | Lair:1   | Mangled by an eight-headed hydra

Levels and vault maps discovered:
D:1:      minmay_arrival_arboretum_small, layout_basic
D:2:      layout_loops_cross, minmay_divided_ellipse, uniq_terence, uniq_natasha
D:3:      minmay_recursive_quarters, layout_basic
D:4:      layout_basic
D:5:      layout_basic, minmay_temple_entry_sparse_star, first_ration,
          serial_shops, shop, nicolae_shop_statue_plus
D:6:      layout_loops_ring, serial_shops, nicolae_shop_trees, kennysheep_potato
D:7:      layout_rooms
D:8:      layout_loops_corners, lemuel_doored_altar
D:9:      layout_roguey, dpeg_oklobed_lair, uniq_joseph, uniq_erica
D:10:     layout_long_grid, serial_shops, shop, grunt_pizzeria, uniq_erolcha
D:11:     layout_cave_pools, hiddenorc2_lemuel
Temple:   compressed_dpeg_triangle_lava_temple
Lair:1:   layout_regular_city

Skill      XL: |  1  2  3  4  5  6  7  8  9 10 |
---------------+-------------------------------+-----
Fighting       | 2 3 4 5 |  5.5
Throwing       | 4 |  4.4
Unarmed Combat | 1 2 4 5 6 9 11 13 | 13.8
Dodging        | 2 3 4 |  4.8
Stealth        | 1 2 |  2.4

Action                   |  1- 3 |  4- 6 |  7- 9 | 10-12 || total
-------------------------+-------+-------+-------+-------++-------
Melee: Unarmed           |    97 |   227 |   270 |   238 ||   832
       Punch             |     1 |     5 |    12 |    13 ||    31
Throw: Large rock        |       |       |       |     4 ||     4
Invok: Lunge             |       |       |     6 |    28 ||    34
       Whirlwind         |       |       |       |    20 ||    20
  Use: Scroll            |       |    11 |     4 |     2 ||    17
       Potion            |       |       |     2 |       ||     2
 Stab: Sleeping          |       |     2 |     1 |     7 ||    10
  Eat: Chunk             |    13 |    19 |    35 |    19 ||    86
Armor: Robe              |    27 |    88 |    70 |    33 ||   218
       Skin              |       |       |     2 |       ||     2
Dodge: Dodged            |    44 |   146 |   133 |    98 ||   421

Table legend:
 A = Non-vault XP
 B = Vault XP
 C = Vault XP percentage of total XP
 D = Non-vault monster count
 E = Vault monster count
 F = Vault count percentage of total count
                 A         B        C        D         E       F
            +---------+---------+-------+---------+---------+-------
      Total |    9804 |    2745 |  21.9 |     235 |      27 |  10.3
            +---------+---------+-------+---------+---------+-------
        D:1 |      28 |       0 |   0.0 |      15 |       0 |   0.0
        D:2 |     127 |     161 |  55.9 |      23 |      15 |  39.5
        D:3 |     194 |      13 |   6.3 |      31 |       7 |  18.4
        D:4 |     274 |       0 |   0.0 |      13 |       0 |   0.0
        D:5 |     311 |       0 |   0.0 |      17 |       0 |   0.0
        D:6 |     782 |      33 |   4.0 |      18 |       1 |   5.3
        D:7 |    1405 |       0 |   0.0 |      24 |       0 |   0.0
        D:8 |    2499 |       0 |   0.0 |      34 |       0 |   0.0
        D:9 |    2594 |    1389 |  34.9 |      27 |       2 |   6.9
       D:10 |     658 |    1149 |  63.6 |      19 |       2 |   9.5
       D:11 |     532 |       0 |   0.0 |      13 |       0 |   0.0
     Lair:1 |     400 |       0 |   0.0 |       1 |       0 |   0.0
            +---------+---------+-------+---------+---------+-------
